 Dungeon Crawl Stone Soup version 0.22.1-2-g9c5b331 (webtiles) character file.

53 Harpaggios the Sneak (level 3, -1/16 HPs)
             Began as a Vine Stalker Enchanter on Dec 31, 2018.
             Succumbed to a kobold's poison
             ... on level 3 of the Dungeon.
             The game lasted 00:06:39 (1742 turns).

Harpaggios the Sneak (Vine Stalker Enchanter)       Turns: 1742, Time: 00:06:40

Health: -1/16      AC:  2    Str: 10    XL:     3   Next: 89%
Magic:  5/7        EV: 12    Int: 15    God:
Gold:   95         SH:  0    Dex: 15    Spells: 3/6 levels left

rFire    . . .     SeeInvis .   g - +0 dagger (speed)
rCold    . . .     Gourm    .   (no shield)
rNeg     . . .     Faith    .   b - +0 robe
rPois    .         Spirit   +   (no helmet)
rElec    .         Reflect  .   (no cloak)
rCorr    .         Harm     .   (no gloves)
MR       .....                  (no boots)
Stlth    +++.......             (no amulet)
HPRegen  0.05/turn              (no ring)
MPRegen  0.10/turn              (no ring)

@: lethally poisoned (-1 -> -36)
A: fangs 2, magic shield, antimagic bite, no potion heal 3, rot immunity
a: no special abilities


You were on level 3 of the Dungeon.
You were not hungry.

You visited 1 branch of the dungeon, and saw 3 of its levels.

You collected 95 gold pieces.

Inventory:

Hand Weapons
 g - a +0 dagger of speed (weapon)
Armour
 b - a +0 robe (worn)
Jewellery
 i - an uncursed ring of flight {unknown}
Scrolls
 a - a scroll of identify {unknown}
 c - a scroll of immolation {unknown}
 e - a scroll of remove curse {unknown}
 j - a scroll of fog {unknown}
Potions
 f - a potion of curing {unknown}
Comestibles
 d - 2 rations


   Skills:
 * Level 0.0 Fighting
 + Level 0.8 Short Blades
 - Level 1.5 Dodging
 - Level 6.0 Stealth
 * Level 2.1 Spellcasting
 - Level 3.0 Hexes


You had 3 spell levels left.
You knew the following spells:

 Your Spells              Type           Power        Failure   Level  Hunger
a - Corona                Hex            ##.....      6%          1    #......
b - Ensorcelled Hibernat  Hex/Ice        #.....       19%         2    ###....

Your spell library contained the following spells:

 Spells                   Type           Power        Failure   Level  Hunger
 Confuse                  Hex            ##......     19%         3    ###....
 Tukima's Dance           Hex            ##......     19%         3    ###....
 Dazzling Spray           Conj/Hex       #.....       34%         3    ###....


Dungeon Overview and Level Annotations

Branches:
Dungeon (3/15)

Altars:


Innate Abilities, Weirdness & Mutations

You have extremely sharp teeth.
When hurt, damage is shared between your health and your magic reserves.
Your bite disrupts and absorbs the magic of your enemies.
Potions cannot restore your health.
You are immune to rotting.


Message History

The kobold shoots a poisoned needle.
The poisoned needle hits you!
You are lethally poisoned!
You see here a poisoned needle.
You feel sick.
The kobold shoots a poisoned needle.
The poisoned needle hits you!
You are more poisoned.
You see here a poisoned needle.
You feel sick.
The kobold shoots a poisoned needle.
The poisoned needle hits you.
You are more poisoned.
You see here a poisoned needle.
You feel very sick.
The kobold shoots a poisoned needle.
The poisoned needle hits you!
You are more poisoned.
You see here a poisoned needle.
You feel sick. The hobgoblin hits you with a club.
* * * LOW HITPOINT WARNING * * *
* * * LOW HITPOINT WARNING * * *
You feel very sick.
You die...

#....(.(..."###
##.............#
#####....^.(.....#.#
###..........(.........
.............(..K......
##..########.(.###...?.
###g.# ...##
#######....###...#
.......@.........#
#######.#....#...
####.####..... #....#
..... #<#### .#... #.#
#.. #.# .. #.# #.#


You could see a hobgoblin and a kobold.

Vanquished Creatures
  2 adders (D:2)
  A worm (D:2)
  A dart slug (D:1)
  A giant cockroach (D:1)
  5 goblins
  4 hobgoblins
  2 jackals (D:2)
  2 bats
  4 frilled lizards
  5 kobolds
  6 rats
33 creatures vanquished.

Notes
Turn   | Place    | Note
-------+----------+-------------------------------------------
     0 | D:1      | Harpaggios the Vine Stalker Enchanter began the quest for
                  | the Orb.
     0 | D:1      | Reached XP level 1. HP: 9/9 MP: 4/4
   244 | D:1      | Reached skill level 4 in Stealth
   285 | D:1      | Reached XP level 2. HP: 10/13 MP: 6/6
   508 | D:1      | Learned a level 2 spell: Ensorcelled Hibernation
   856 | D:2      | Reached skill level 5 in Stealth
   882 | D:2      | Found a faded altar of an unknown god.
   890 | D:2      | Reached XP level 3. HP: 16/16 MP: 7/7
  1517 | D:2      | Reached skill level 6 in Stealth
  1742 | D:3      | Succumbed to a kobold's poison

Skill      XL: |  1  2  3 |
---------------+----------+-----
Stealth        | 4 5 6 |  6.0
Short Blades   | |  0.8
Dodging        | |  1.5
Spellcasting   | |  2.1
Hexes          | |  3.0

Action                   || total
-------------------------++-------
Melee: Dagger            ||   128
       Bite              ||    26
 Cast: Ensorcelled Hiber ||     2
 Stab: Sleeping          ||     8
  Eat: Chunk             ||     3
Armor: Robe              ||    12
Dodge: Dodged            ||    52
